 Dungeon Crawl Stone Soup version 0.19-a0-1072-g3763c35 (webtiles) character file.

85 Jmtri7 the Skirmisher (level 4, 0/52 HPs)
             Began as an Ogre Berserker on Aug 5, 2016.
             Was a Believer of Trog.
             Slain by a crimson imp
             ... wielding a +0 dagger of chaos
              (4 damage)
             ... while paralysed by a crimson imp
             ... on level 3 of the Dungeon.
             The game lasted 00:04:26 (2126 turns).

Jmtri7 the Skirmisher (Ogre Berserker)              Turns: 2126, Time: 00:04:26

Health: 0/52       AC:  4    Str: 23    XL:     4   Next: 48%
Magic:  4/4        EV:  1    Int:  6    God:    Trog [**....]
Gold:   68         SH:  0    Dex:  9    Spells: 0 memorised, 3 levels left

rFire  . . .     SeeInvis .     a - +0 mace
rCold  + . .     Gourm    .     o - +0 robe
rNeg   . . .     Faith    .     (no shield)
rPois  .         Spirit   .     (helmet restricted)
rElec  .         Dismiss  .     b - +0 cloak
rCorr  .         Reflect  .     (gloves unavailable)
SustAt .         Harm     .     (boots unavailable)
MR     .....                    (no amulet)
Stlth  ..........               s - ring of loudness (curse)
                                e - ring of protection from cold

@: paralysed, lethally poisoned (0 -> -2), very slightly contaminated, hasted
and slowed, drained, invisible
A: unfitting armour, tough skin 1
a: Berserk, Trog's Hand, Burn Spellbooks, Renounce Religion


You were on level 3 of the Dungeon.
You worshipped Trog.
Trog was pleased with you.
You were not hungry.

You visited 1 branch of the dungeon, and saw 3 of its levels.

You collected 68 gold pieces.

Inventory:

Hand Weapons
 a - a +0 mace (weapon)
Armour
 b - a +0 cloak (worn)
 o - a +0 robe (worn)
Jewellery
 e - a ring of protection from cold (left hand)
 s - a cursed ring of loudness (right hand)
Scrolls
 d - a scroll of identify {unknown}
 f - 3 scrolls of enchant armour {unknown}
 i - 3 scrolls of enchant weapon {unknown}
 m - a scroll of recharging {unknown}
 n - a scroll of blinking {unknown}
 p - a scroll of noise {unknown}
 r - a scroll of teleportation {unknown}
 u - a scroll of fear {unknown}
Potions
 g - 3 potions of curing {unknown}
 j - a potion of lignification {unknown}
 k - a potion of brilliance {unknown}
 l - a potion of cure mutation {unknown}
 q - a potion of mutation {unknown}
Comestibles
 c - 3 bread rations
 h - a meat ration
 v - 3 chunks of flesh


   Skills:
 - Level 6.0(5.3) Fighting
 + Level 5.0(4.3) Maces & Flails
 - Level 2.6(2.0) Dodging


You had 3 spell levels left.
You didn't know any spells.

Dungeon Overview and Level Annotations

Branches:
Dungeon (3/15)

Altars:
Makhleb
Qazlal
Vehumet
Xom


Innate Abilities, Weirdness & Mutations

You are too large for most types of armour.
You have tough skin. (AC +1)


Message History

The crimson imp hits you with a dagger of chaos.
You barely miss the crimson imp. You hit the crimson imp.
The crimson imp is lightly wounded.
You feel sick.
The crimson imp hits you but does no damage.
You suddenly lose the ability to move!
The crimson imp hits you but does no damage.
You feel sick.
The crimson imp hits you but does no damage.
The crimson imp hits you with a dagger of chaos.
* * * LOW HITPOINT WARNING * * *
The crimson imp burns you.
* * * LOW HITPOINT WARNING * * *
You feel sick.
The crimson imp hits you with a dagger of chaos.
* * * LOW HITPOINT WARNING * * *
You feel yourself slow down.
The crimson imp hits you with a dagger of chaos.
You die...

####### #.....#
##.....## #.......#
#.#########5..#
#.##..#_..#@..#
#.##.##...'.#.#
#.##.##_..###.#
#.##.######...#####
#.##.######.......#
#.##........#####.#
##.##.#####..###
#...............
#...)....##..####


You could see a crimson imp.

Vanquished Creatures
  5 adders (D:2)
  An ooze (D:2)
  A worm (D:2)
  5 bats
  2 giant cockroaches
  5 goblins
  4 hobgoblins
  6 kobolds
  4 giant newts (D:2)
  2 rats (D:2)
35 creatures vanquished.

Notes
Turn   | Place    | Note
-------+----------+-------------------------------------------
     0 | D:1      | Jmtri7 the Ogre Berserker began the quest for the Orb.
     0 | D:1      | Reached XP level 1. HP: 24/24 MP: 1/1
   122 | D:1      | Reached XP level 2. HP: 31/33 MP: 2/2
   932 | D:2      | Reached XP level 3. HP: 41/41 MP: 3/3
  1044 | D:2      | Found a radiant altar of Vehumet.
  1059 | D:2      | Found a stormy altar of Qazlal.
  1060 | D:2      | Noticed an air elemental
  1062 | D:2      | Noticed a fire elemental
  1062 | D:2      | Noticed a water elemental
  1062 | D:2      | Noticed an earth elemental
  1068 | D:2      | Reached skill level 5 in Fighting
  1368 | D:2      | Reached XP level 4. HP: 48/52 MP: 4/4
  1370 | D:2      | Reached ** piety under Trog
  1378 | D:2      | Reached skill level 6 in Fighting
  1793 | D:2      | Reached skill level 5 in Maces & Flails
  2094 | D:3      | Found a burning altar of Makhleb.
  2095 | D:3      | Found a shimmering altar of Xom.
  2121 | D:3      | Paralysed by a crimson imp for 5 turns
  2126 | D:3      | Slain by a crimson imp

Vault maps used:
D:1:      elethiomel_arrival_shortcut
D:2:      nicolae_qazlal_style_of_elements, vehumet_crystals,
          grunt_ministairs_4, minmay_vboxes
D:3:      grunt_temple_overflow_champion_of_chaos, first_bread, st_stairs_14,
          uniq_natasha, uniq_terence

Skill      XL: |  1  2  3  4 |
---------------+-------------+-----
Fighting       | 5 6 |  6.0
Maces & Flails | 5 |  5.0
Dodging        | |  2.6

Action                   |  1- 3 |  4- 6 || total
-------------------------+-------+-------++-------
Melee: Mace              |    80 |    54 ||   134
Invok: Berserk           |     2 |       ||     2
  Eat: Chunk             |     2 |     4 ||     6
Armor: Animal skin       |    12 |       ||    12
       Robe              |    21 |    20 ||    41
       Skin              |       |     1 ||     1
Dodge: Dodged            |    65 |    31 ||    96
